 Dungeon Crawl Stone Soup version 0.28-a0-957-g42eb19b844 (webtiles) character file.

Game seed: 10095028914576003778

21 Redcow54321 the Scratcher (level 2, 0/14 HPs)
             Began as a Felid Fighter on Nov 30, 2021.
             Slain by a goblin (3 damage)
             ... on level 1 of the Dungeon.
             The game lasted 00:01:16 (263 turns).

Redcow54321 the Scratcher (Felid Fighter)            Turns: 263, Time: 00:01:17

Health: 0/14       AC:  1    Str: 12    XL:     2   Next: 65%
Magic:  3/3        EV: 18    Int:  9    God:
Gold:   15         SH:  0    Dex: 15    Spells: 1/1 levels left
                                        Lives:  0   Deaths: 0

rFire   . . .      SeeInvis +     - Unarmed
rCold   . . .      Faith    .   (shield unavailable)
rNeg    . . .      Spirit   .   (armour unavailable)
rPois   .          Reflect  .   (helmet unavailable)
rElec   .          Harm     .   (cloak unavailable)
rCorr   .          Rampage  .   (gloves unavailable)
Will    .....                   (boots unavailable)
Stlth   +.........              (no amulet)
HPRegen 0.04/turn               (no ring)
MPRegen 0.08/turn               (no ring)

@: quick
A: very small, claws 1, fangs 3, see invisible, speed 1, shaggy fur 1, stealthy
paws, no weapons or thrown items, no armour, multi-lived
a: no special abilities


You were on level 1 of the Dungeon.
You visited 1 branch of the dungeon, and saw 1 of its levels.

You collected 15 gold pieces.

Inventory:

Potions
 a - a potion of might
 b - a potion of lignification {unknown}
 c - a potion of haste {unknown}


   Skills:
 + Level 3.1 Fighting
 + Level 4.1 Dodging
 * Level 0.1 Stealth
 * Level 4.6 Unarmed Combat


You had one spell level left.
You didn't know any spells.
Your spell library was empty.

Dungeon Overview and Level Annotations

Branches:
Dungeon (1/15)

Altars:


Innate Abilities, Weirdness & Mutations

You have sharp claws.
You have razor-sharp teeth.
You have supernaturally acute eyesight. (SInv)
You cover ground quickly. (Speed+)
You are covered in fur. (AC +1)
Your paws help you pounce on unaware monsters.
You are incapable of wielding weapons or throwing items.
You cannot wear armour.
You gain extra lives every three experience levels.


Message History

The hobgoblin shouts!
You hear a shout!
The rat closely misses you.
The ball python hisses angrily.
The endoplasm quivers.
You claw the rat!
You kill the rat!
An endoplasm comes into view.
A goblin comes into view. It is wielding a +0 dagger.
The ball python misses you. The ball python grabs you.
The ball python constricts you.
You barely miss the ball python. The ball python bites you.
The ball python constricts you.
You closely miss the ball python. The ball python completely misses you.
The ball python constricts you.
You claw the ball python!
You kill the ball python!
You claw the endoplasm!
You kill the endoplasm!
You barely miss the endoplasm. The endoplasm hits you.
You barely miss the endoplasm. The endoplasm freezes you.
You are frozen.
You scratch the endoplasm.
The endoplasm is lightly wounded.
You scratch the endoplasm.
The endoplasm is severely wounded.
The endoplasm closely misses you.
You claw the endoplasm!
You kill the endoplasm!
You scratch the endoplasm but do no damage.
The endoplasm freezes you.
You are frozen.
* * * LOW HITPOINT WARNING * * *
You claw the endoplasm!
You kill the endoplasm!
You closely miss the goblin. The goblin hits you with a +0 dagger.
* * * LOW HITPOINT WARNING * * *
You scratch the goblin but do no damage.
The goblin hits you with a +0 dagger.
You die...

....... #.....# .
.....##### .. #.#
# #....... ..
..#.#!#..J... .#
#.#g.(#....# ..
#.# #......###.#
. #.# #...gg@..#
.# #.# #..#.#####
.#
##.#####.##.....
.#
#..............(
.#
#......##########
.# #..)...#
.###......#
..........+
.###......#


You could see a hobgoblin and a goblin.

Vanquished Creatures
  4 endoplasms (D:1)
  A giant cockroach (D:1)
  5 jackals (D:1)
  A quokka (D:1)
  2 ball pythons (D:1)
  2 frilled lizards (D:1)
  2 kobolds (D:1)
  A rat (D:1)
18 creatures vanquished.

Notes
Turn   | Place    | Note
-------+----------+-------------------------------------------
     0 | D:1      | Redcow54321 the Felid Fighter began the quest for the Orb.
     0 | D:1      | Reached XP level 1. HP: 10/10 MP: 2/2
    92 | D:1      | Reached XP level 2. HP: 14/14 MP: 3/3
   263 | D:1      | Slain by a goblin

Illustrated notes

Levels and vault maps discovered:
D:1:      tarquinn_simple_flora_water_e, layout_basic, minmay_stone_trees_small,
          minmay_split_cup_large

Action                   || total
-------------------------++-------
Melee: Unarmed           ||    43
       Bite              ||     3
Armor: Skin              ||     1
Dodge: Dodged            ||    28

Table legend: (Time is in decaauts)
 A = Elapsed time spent in this place.
 B = Non-inter-level travel time spent in this place.
 C = Inter-level travel time spent in this place.
 D = Time resting spent in this place.
 E = Time spent auto-exploring this place.
 F = Levels seen in this place.
 G = Mean time per level.
                   A        B        C        D        E       F      G
               +--------+--------+--------+--------+--------+-----+--------+
         Total |    241 |    241 |      0 |      0 |    169 |   1 |  241.0 |
       Dungeon |    241 |    241 |      0 |      0 |    169 |   1 |  241.0 |
               +--------+--------+--------+--------+--------+-----+--------+

Top non-repeatable levels by time:
     D:1: 241 daAuts
